 Dungeon Crawl Stone Soup version 0.22-a0-160-gcc81d7a (webtiles) character file.

230 Borgoz the Skirmisher (level 5, 0/47 HPs)
             Began as a Minotaur Abyssal Knight on Feb 10, 2018.
             Was a Believer of Lugonu.
             Slain by Edmund
             ... wielding a +1 flail of crushing
              (3 damage)
             ... on level 4 of the Dungeon.
             The game lasted 00:07:48 (3844 turns).

Borgoz the Skirmisher (Minotaur Abyssal Knight)     Turns: 3844, Time: 00:07:48

Health: 0/47       AC:  4    Str: 21    XL:     5   Next: 72%
Magic:  6/6        EV: 12    Int:  9    God:    Lugonu [**....]
Gold:   146        SH:  0    Dex:  9    Spells: 4/4 levels left

rFire    . . .     SeeInvis .   a - +1 hand axe
rCold    . . .     Gourm    .   (no shield)
rNeg     . . .     Faith    .   b - +0 leather armour
rPois    .         Spirit   .   (helmet restricted)
rElec    .         Reflect  .   n - +0 cloak
rCorr    .         Harm     .   (no gloves)
MR       .....                  (no boots)
Stlth    +.........             (no amulet)
HPRegen  0.15/turn              (no ring)
MPRegen  0.10/turn              (no ring)

@: mighty
A: retaliatory headbutt, horns 2, clumsy 1
a: Depart the Abyss, Bend Space, Renounce Religion


You were on level 4 of the Dungeon.
You worshipped Lugonu.
Lugonu was pleased with you.
You were hungry.

You visited 1 branch of the dungeon, and saw 4 of its levels.
You visited the Abyss 1 time.

You collected 146 gold pieces.

Inventory:

Hand Weapons
 a - a +1 hand axe (weapon)
Armour
 b - a +0 leather armour (worn)
 n - a +0 cloak (worn)
 o - a +0 buckler
Wands
 d - a wand of polymorph (10)
 e - a wand of digging (9)
Scrolls
 f - a scroll of remove curse {unknown}
 g - a scroll of fear {unknown}
 h - a scroll of enchant armour {unknown}
 i - a scroll of immolation {unknown}
 l - a scroll of fog
 q - a scroll of identify
Potions
 j - a potion of cancellation
 k - a potion of might
 m - a potion of heal wounds
 p - a potion of agility {unknown}
Comestibles
 c - 3 rations


   Skills:
 + Level 4.7 Fighting
 + Level 3.9 Axes
 + Level 3.8 Armour
 + Level 2.9 Dodging
 + Level 3.0 Invocations


You had 4 spell levels left.
You didn't know any spells.

Dungeon Overview and Level Annotations

Branches:
Dungeon (4/15)
 Temple: D:4-7

Altars:
Cheibriados
Xom

Annotations:
D:4 Edmund


Innate Abilities, Weirdness & Mutations

You reflexively headbutt those who attack you in melee.
You have a pair of horns on your head.
You are clumsy. (Dex -2)


Message History

You hit Edmund.
Edmund is severely wounded.
Edmund hits you with a flail of crushing.
* * * LOW HITPOINT WARNING * * *
x2 You feel much better.
Edmund hits you with a flail of crushing!
You feel very mighty all of a sudden.
Edmund hits you with a flail of crushing.
You hit Edmund. Your headbutt misses Edmund.
Edmund is almost dead.
Edmund hits you with a flail of crushing.
You barely miss Edmund.
Edmund is almost dead.
Edmund hits you with a flail of crushing!
* * * LOW HITPOINT WARNING * * *
You barely miss Edmund.
Edmund is almost dead.
Edmund hits you with a flail of crushing!
* * * LOW HITPOINT WARNING * * *
You die...

.. ###.
..<.####
#......# #
#.##.#.# .#
####.#...@##.#
..........@..#
#........###
.####......##
..)........#
#####>..###
#...# #..)#
#...# #...#


You could see Edmund.

Vanquished Creatures
  Crazy Yiuf (D:2)
  An iguana (D:4)
  Terence (D:2)
  3 gnolls (D:2)
  4 adders
  An ooze (D:3)
  3 worms
  A dart slug (D:2)
  2 leopard geckos
  An orc (D:3)
  A ball python (D:2)
  6 giant cockroaches
  5 goblins
  5 hobgoblins
  9 jackals
  12 kobolds
  A quokka (D:3)
  4 bats
  4 frilled lizards
  7 rats
  A bush (D:2)
73 creatures vanquished.

Notes
Turn   | Place    | Note
-------+----------+-------------------------------------------
     0 | Abyss:1  | Borgoz the Minotaur Abyssal Knight began the quest for the Orb.
     0 | Abyss:1  | Reached XP level 1. HP: 19/19 MP: 1/1
    42 | Abyss:2  | Noticed a neqoxec
    44 | Abyss:2  | Gained mutation: You are clumsy. (Dex -2) [a neqoxec]
    46 | D:1      | Escaped the Abyss
   112 | D:1      | Reached * piety under Lugonu
   131 | D:1      | Reached XP level 2. HP: 27/27 MP: 2/2
   581 | D:2      | Reached skill level 4 in Fighting
   581 | D:2      | Reached XP level 3. HP: 19/33 MP: 3/3
  1102 | D:2      | Reached ** piety under Lugonu
  1187 | D:2      | Found a runed door.
  1295 | D:2      | HP: 1/33 [gnoll/spear (7)]
  1298 | D:2      | Reached XP level 4. HP: 1/40 MP: 4/4
  1622 | D:2      | Noticed Terence
  1635 | D:2      | Killed Terence
  2296 | D:2      | Noticed Crazy Yiuf
  2304 | D:2      | Killed Crazy Yiuf
  2304 | D:2      | Reached XP level 5. HP: 33/47 MP: 4/6
  2706 | D:3      | Found a shimmering altar of Xom.
  3444 | D:3      | Found a snail-covered altar of Cheibriados.
  3634 | D:4      | Noticed Edmund
  3844 | D:4      | Slain by Edmund

Vault maps used:
D:1:      minmay_arrival_open_corners
D:2:      lexackson_kobold_supper, uniq_crazy_yiuf_cottage, uniq_terence
D:3:      wad_crossroads, lemuel_coloured_pillars_altar,
          overflow_temple_1_default, minivault_14
D:4:      makhleb_blood_cavern_becter, serial_shops, shop, minmay_bent,
          uniq_edmund, uniq_sigmund, uniq_robin
Abyss:2:  hangedman_abyss_or_decor_stabs, minivault_27,
          hangedman_abyss_river_spirits

Skill      XL: |  1  2  3  4  5 |
---------------+----------------+-----
Invocations    | 2 3 |  3.0
Fighting       | 4 |  4.7
Axes           | 3 |  3.9
Armour         | 3 |  3.8
Dodging        | 2 |  2.9

Action                   |  1- 3 |  4- 6 || total
-------------------------+-------+-------++-------
Melee: Hand axe          |    93 |   190 ||   283
       Headbutt          |    10 |    43 ||    53
Invok: Depart the Abyss  |     1 |       ||     1
  Use: Scroll            |       |     4 ||     4
       Potion            |       |     2 ||     2
  Eat: Chunk             |     1 |     8 ||     9
Armor: Leather armour    |    33 |    23 ||    56
Dodge: Dodged            |    91 |    54 ||   145

Table legend:
 A = Spawn XP
 B = Non-spawn XP
 C = Spawn XP percentage of total XP
 D = Spawn monster count
 E = Non-spawn monster count
 F = Spawn count percentage of total count
 G = Total turns spent on level
                    A         B        C        D         E        F      G
               +---------+---------+-------+---------+---------+-------+---------
         Total |       0 |     329 |   0.0 |       0 |      72 |   0.0 |  3844
               +---------+---------+-------+---------+---------+-------+---------
           D:1 |       0 |      38 |   0.0 |       0 |      22 |   0.0 |   552
           D:2 |       0 |     179 |   0.0 |       0 |      30 |   0.0 |  1892
           D:3 |       0 |      69 |   0.0 |       0 |      16 |   0.0 |  1258
           D:4 |       0 |      43 |   0.0 |       0 |       4 |   0.0 |    96
               +---------+---------+-------+---------+---------+-------+---------
